 Dungeon Crawl Stone Soup version 0.23-b1 (webtiles) character file.

Game seed: 6635535846715028162

186 Kisielow the Slasher (level 5, -2/45 HPs)
             Began as a Minotaur Fighter on Jan 30, 2019.
             Was an Initiate of Gozag.
             Killed by divine providence
             ... invoked by an orc priest
              (9 damage)
             ... on level 3 of the Dungeon.
             The game lasted 00:06:04 (2377 turns).

Kisielow the Slasher (Minotaur Fighter)             Turns: 2377, Time: 00:06:05

Health: -2/45      AC:  8    Str: 22    XL:     5   Next: 38%
Magic:  4/4        EV:  5    Int:  5    God:    Gozag
Gold:   202        SH: 14    Dex:  9    Spells: 4/4 levels left

rFire    . . .     SeeInvis .   q - +1 falchion (flame)
rCold    + . .     Gourm    .   n - +0 large shield
rNeg     . . .     Faith    .   b - +0 scale mail
rPois    .         Spirit   .   (helmet restricted)
rElec    .         Reflect  .   (no cloak)
rCorr    .         Harm     .   o - +0 pair of gloves
MR       .....                  (no boots)
Stlth    ..........             (no amulet)
HPRegen  0.15/turn              (no ring)
MPRegen  0.09/turn              c - ring of protection from cold

@: gold aura
A: retaliatory headbutt, horns 2
a: Potion Petition, Call Merchant, Bribe Branch, Renounce Religion


You were on level 3 of the Dungeon.
You worshipped Gozag.
Gozag was aware of your devotion.
You were not hungry.

You visited 1 branch of the dungeon, and saw 3 of its levels.

You collected 202 gold pieces.

Inventory:

Hand Weapons
 a - a +0 long sword
 q - a +1 falchion of flaming (weapon)
Armour
 b - a +0 scale mail (worn)
 n - a +0 large shield (worn)
 o - a +0 pair of gloves (worn)
Jewellery
 c - a ring of protection from cold (right hand)
Scrolls
 e - a scroll of enchant armour
 m - 3 scrolls of teleportation
 p - a scroll of remove curse
Potions
 d - a potion of might
 g - a potion of flight {unknown}
 h - 2 potions of agility
 i - a potion of magic {unknown}
 j - a potion of lignification {unknown}
 k - 2 potions of mutation {unknown}
 l - 2 potions of ambrosia {unknown}
Comestibles
 f - 6 rations


   Skills:
 - Level 3.6 Fighting
 + Level 6.9 Long Blades
 - Level 3.6 Armour
 - Level 3.6 Shields


You had 4 spell levels left.
You didn't know any spells.
Your spell library was empty.

Dungeon Overview and Level Annotations

Branches:
Dungeon (3/15)

Altars:
Gozag


Innate Abilities, Weirdness & Mutations

You reflexively headbutt those who attack you in melee.
You have a pair of horns on your head.


Message History

Your headbutt misses the orc warrior. You block the orc priest's attack.
The orc warrior hits you with a +0 scimitar!
You hit the orc warrior. You burn the orc warrior.
The orc warrior is moderately wounded.
You block the orc priest's attack.
The orc warrior hits you but does no damage.
You hit the orc warrior but do no damage.
The orc warrior is moderately wounded.
A jackal comes into view.
The orc priest hits you with a +0 hand axe.
The jackal barks!
The orc warrior hits you with a +0 scimitar!!
* * * LOW HITPOINT WARNING * * *
You hit the orc warrior. You burn the orc warrior.
You headbutt the orc warrior.
The orc warrior is severely wounded.
The orc priest calls down the wrath of Beogh upon you.
Beogh smites you!
You die...
Your body crumbles into a pile of gold.

###.#####....## #.# #.#
#.#..#####.### #.#
#.#........#.## #.#
###.#..##.###.#.##
##.###......##.<#.###.##
##...##.#.........## ##.#
...................###.##
.#.....<..>..###(#..#.##
.##.....<....###@#.#.##
.##..........##oo#.#.#
.##.......>..##.##.#.#
.##..........##.##.#..
.......(.....##.##.###
.##..........##....#
............. #h####
.....#..#.##. #.#
...........# #.#


You could see an orc warrior, an orc priest and a jackal.

Vanquished Creatures
  A jelly (D:3)
  An orc priest (D:3)
  Terence (D:2)
  A gnoll (D:1)
  3 adders
  2 worms (D:2)
  A dart slug (D:1)
  7 orcs
  3 bats
  6 giant cockroaches
  2 goblins
  6 hobgoblins
  3 frilled lizards
  9 kobolds
  12 rats
58 creatures vanquished.

Notes
Turn   | Place    | Note
-------+----------+-------------------------------------------
     0 | D:1      | Kisielow the Minotaur Fighter began the quest for the Orb.
     0 | D:1      | Reached XP level 1. HP: 19/19 MP: 0/0
   123 | D:1      | Reached skill level 3 in Long Blades
   141 | D:1      | Reached XP level 2. HP: 22/26 MP: 1/1
   528 | D:1      | Reached skill level 4 in Long Blades
   540 | D:1      | Reached XP level 3. HP: 31/31 MP: 2/2
  1031 | D:2      | Reached skill level 5 in Long Blades
  1233 | D:2      | Noticed Terence
  1241 | D:2      | Killed Terence
  1241 | D:2      | Reached XP level 4. HP: 39/39 MP: 3/3
  1584 | D:2      | Found a faded altar of an unknown god.
  1702 | D:2      | Became a worshipper of Gozag Ym Sagoz the Greedy
  1769 | D:3      | Reached skill level 6 in Long Blades
  1831 | D:3      | Reached XP level 5. HP: 23/45 MP: 4/4
  2367 | D:3      | Noticed an orc warrior
  2377 | D:3      | Killed from afar by an orc priest

Skill      XL: |  1  2  3  4 |
---------------+-------------+-----
Long Blades    | 3 4 5 6 |  6.9
Fighting       | |  3.6
Armour         | |  3.6
Shields        | |  3.6

Action                   |  1- 3 |  4- 6 || total
-------------------------+-------+-------++-------
Melee: Long sword        |    91 |    62 ||   153
       Headbutt          |    15 |    15 ||    30
       Falchion          |       |     7 ||     7
  Use: Scroll            |     4 |     3 ||     7
  Eat: Chunk             |     1 |     1 ||     2
       Ration            |       |     1 ||     1
Armor: Scale mail        |    31 |    21 ||    52
Dodge: Dodged            |    12 |     6 ||    18
Block: Shield            |    26 |       ||    26
       Large shield      |    24 |    54 ||    78
       Rpst.: Long sword |     3 |       ||     3
       Falchion          |       |     1 ||     1
